Map: Winter's Gate LE

Players

TurkeyDano

  • Race: Protoss Protoss
  • League: Grandmaster
  • Spawn Location: 5:00

printf - Winner!

  • Race: Protoss Protoss
  • League: Grandmaster
  • Spawn Location: 11:00

VOD

Have the link to the VOD?

Description

Time

  • Played on: Oct. 20, 2019, 4:43 p.m.
  • Length: 6:34
Show
View Real Time Build Order
Export as new Build Order

TurkeyDano Protoss 

Build Orders: Proxy Void Ray 

Get SALT Encoding   

  12  0:00  Probe  
  13  0:13  Probe  
  14  0:17  Pylon  
  14  0:26  Probe  
  15  0:36  Forge  
  15  0:45  Gateway  
  15  0:51  Probe  
  16  0:59  Assimilator  
  16  1:03  Probe  
  17  1:11  Assimilator  
  17  1:15  Probe  
  18  1:22  Photon Cannon  
  18  1:27  Probe  
  19  1:37  Cybernetics Core  
  19  1:44  Probe  
  20  1:51  Pylon  
  20  1:57  Probe  
  21  2:09  Probe  
  21  2:14  Stargate  
  22  2:21  Probe  
  23  2:27  Pylon  
  23  2:40  Shield Battery  
  23  2:54  Void Ray (Chrono Boost)  
  23  2:56  Shield Battery  
  27  3:01  Stalker  
  29  3:27  Void Ray (Chrono Boost)  
  33  3:53  Void Ray (Chrono Boost)  
  33  3:56  Stalker  
  39  4:06  Shield Battery  
  39  4:07  Pylon  
  33  4:23  Shield Battery  
  33  4:24  Shield Battery  
  31  4:26  Void Ray (Chrono Boost)  
Show
View Real Time Build Order
Export as new Build Order

printf Protoss - Winner!

Build Orders: Proxy Void Ray 

Get SALT Encoding   

  12  0:00  Probe (Chrono Boost)  
  13  0:10  Probe (Chrono Boost)  
  14  0:18  Pylon  
  14  0:22  Probe  
  15  0:36  Probe  
  15  0:38  Forge  
  16  0:54  Gateway, Probe  
  17  0:59  Assimilator  
  17  1:08  Probe (Chrono Boost)  
  18  1:11  Pylon  
  18  1:18  Probe (Chrono Boost)  
  19  1:24  Assimilator  
  19  1:35  Photon Cannon  
  20  1:44  Cybernetics Core  
  19  1:48  Probe  
  20  2:00  Probe  
  21  2:07  Photon Cannon  
  21  2:13  Probe  
  22  2:20  Stargate  
  22  2:25  Probe  
  23  2:32  Shield Battery  
  23  2:42  Shield Battery  
  23  3:00  Void Ray (Chrono Boost)  
  23  3:02  Pylon  
  27  3:13  Shield Battery  
  27  3:32  Void Ray (Chrono Boost)  
  20  4:06  Void Ray (Chrono Boost)  
Tags
 
Add a new tag
Caveats
  • Supply blocks, unpowered buildings, or Contaminate may cause inaccurate times.
  • Supply counts are checked every 10 seconds.